 Dungeon Crawl Stone Soup version 0.29-a0-1043-g569b05d6ff (webtiles) character file.

Game seed: 1433887632148352808

765 xian the Cleaver (level 7, -2/63 HPs)
             Began as a Hill Orc Berserker on Aug 15, 2022.
             Was a Believer of Trog.
             Slain by an iguana (8 damage)
             ... on level 5 of the Dungeon.
             The game lasted 00:08:00 (4515 turns).

xian the Cleaver (Hill Orc Berserker)               Turns: 4515, Time: 00:08:00

Health: -2/63      AC: 15    Str: 19    XL:     7   Next: 81%
Magic:  7/7        EV:  6    Int: 12    God:    Trog [**....]
Gold:   274        SH:  5    Dex: 10    Spells: 6/6 levels left

rFire   + + +      SeeInvis .   a - +0 hand axe
rCold   . . .      Faith    .   (no shield)
rNeg    . . .      Spirit   .   z - +0 plate armour
rPois   .          Reflect  +   (no helmet)
rElec   .          Harm     .   C - +1 cloak
rCorr   .          Rampage  .   (no gloves)
Will    .....                   j - +1 pair of boots "Zeqout" {rF+++ Str-3 Int+5}
Stlth   ..........              x - amulet of reflection
HPRegen 0.20/turn               (no ring)
MPRegen 0.10/turn               (no ring)

@: no status effects
A: no striking features
a: Renounce Religion, Berserk, Trog's Hand


You were on level 5 of the Dungeon.
You worshipped Trog.
Trog was pleased with you.
You visited 1 branch of the dungeon, and saw 5 of its levels.

You collected 274 gold pieces.

Inventory:

Hand Weapons
 a - a +0 hand axe (weapon)
Armour
 j - the +1 pair of boots "Zeqout" (worn) {rF+++ Str-3 Int+5}
   (You found it on level 2 of the Dungeon)

   Str:       It affects your strength (-3).
   Int:       It affects your intelligence (+5).
   rF:        It renders you almost immune to fire.
 z - a +0 plate armour (worn)
 C - a +1 cloak (worn)
Jewellery
 b - an amulet of magic regeneration
 h - an amulet of guardian spirit
 x - an amulet of reflection (around neck)
Wands
 u - a wand of charming (9)
 v - a wand of polymorph (5)
 y - a wand of roots (9)
 A - a wand of digging (4)
Scrolls
 c - 4 scrolls of identify {unknown}
 d - 2 scrolls of amnesia {unknown}
 f - a scroll of blinking {unknown}
 g - 3 scrolls of immolation {unknown}
 m - 2 scrolls of noise {unknown}
 n - a scroll of silence {unknown}
 p - a scroll of fog {unknown}
 q - 2 scrolls of teleportation {unknown}
 r - a scroll of torment {unknown}
Potions
 e - 2 potions of attraction {unknown}
 i - 2 potions of degeneration {unknown}
 k - 2 potions of berserk rage {unknown}
 l - 3 potions of mutation {unknown}
 o - 2 potions of flight {unknown}
 t - 2 potions of might {unknown}
 w - a potion of haste {unknown}
 B - a potion of brilliance {unknown}


   Skills:
 + Level 6.0 Fighting
 + Level 8.7 Axes
 + Level 2.7 Armour
 + Level 3.2 Dodging
 + Level 1.4 Stealth
 + Level 0.4 Shields


You had 6 spell levels left.
You didn't know any spells.
Your spell library contained the following spells:

 Spells                   Type           Power      Damage    Failure   Level
 Portal Projectile        Hex/Tloc       0%         N/A       100%        3
 Tukima's Dance           Hex            0%         N/A       100%        3
 Blade Hands              Tmut           0%         N/A       100%        5
 Conjure Ball Lightning   Conj/Air       0%         3x3d6     100%        6
 Borgnjor's Revivificati  Necr           0%         N/A       100%        8
 Discord                  Hex            0%         N/A       100%        8
 Disjunction              Tloc           0%         N/A       100%        8
 Necromutation            Tmut/Necr      0%         N/A       100%        8
 Death's Door             Necr           0%         N/A       100%        9


Dungeon Overview and Level Annotations

Branches:
Dungeon (5/15)
 Temple: D:4-7

Altars:
Dithmenos
Nemelex Xobeh
Trog
The Shining One


Message History

The iguana is lightly wounded.
You barely miss the iguana.
The iguana is lightly wounded.
The iguana bites you.
You hit the iguana but do no damage.
The iguana is lightly wounded.
The iguana bites you but does no damage.
You barely miss the iguana.
The iguana is lightly wounded.
You block the iguana's attack.
You hit the iguana.
The iguana is moderately wounded.
The iguana bites you!
You hit the iguana but do no damage.
The iguana is moderately wounded.
The iguana bites you!
You barely miss the iguana.
The iguana is moderately wounded.
The iguana closely misses you.
You hit the iguana.
The iguana is heavily wounded.
The iguana bites you but does no damage.
You closely miss the iguana.
The iguana is heavily wounded.
You hit the iguana.
The iguana is almost dead.
The iguana bites you.
* * * LOW HITPOINT WARNING * * *
You hit the iguana but do no damage.
The iguana is almost dead.
The iguana bites you.
* * * LOW HITPOINT WARNING * * *
You hit the iguana.
The iguana is almost dead.
The iguana bites you!
* * * LOW HITPOINT WARNING * * *
You closely miss the iguana.
The iguana is almost dead.
The iguana bites you!
You die...

#.# #.# ..#
#. #.# #.
#.# #. #.#
#.##l#
#.##@#
#.##.###
#......#
#..~...#
#..~⌠~.#
#..~.~.#
#......#
#.##......
#.#########


You could see an iguana.

Vanquished Creatures
  The ghost of Buttons840 the Chopper, an amateur MiBe of Trog (D:4)
  Sigmund (D:2)
  The ghost of nicolae the Insei, an amateur DsTm (D:4)
  2 hounds (D:4)
  Crazy Yiuf (D:4)
  Jessica (D:2)
  2 orc wizards (D:4)
  2 gnolls (D:4)
  4 adders
  A white imp (D:3)
  3 worms
  2 dart slugs
  8 orcs
  2 bats
  8 endoplasms
  3 giant cockroaches
  6 goblins
  6 hobgoblins
  3 jackals (D:1)
  3 quokkas
  8 ball pythons
  3 frilled lizards
  6 kobolds
  2 rats (D:1)
79 creatures vanquished.

Vanquished Creatures (others)
  3 fungi (D:4)
3 creatures vanquished.

Grand Total: 82 creatures vanquished

Notes
Turn   | Place    | Note
-------+----------+-------------------------------------------
     0 | D:1      | xian the Hill Orc Berserker began the quest for the Orb.
     0 | D:1      | Reached XP level 1. HP: 19/19 MP: 1/1
   353 | D:1      | Reached XP level 2. HP: 16/27 MP: 2/2
  1006 | D:1      | Reached XP level 3. HP: 32/33 MP: 3/3
  1396 | D:2      | Identified the +1 pair of boots "Zeqout" {rF+++ Str-3
                  | Int+5}
  1590 | D:2      | Noticed Sigmund
  1609 | D:2      | Killed Sigmund
  1610 | D:2      | Reached skill level 6 in Axes
  1610 | D:2      | Reached skill level 1 in Stealth
  1610 | D:2      | Reached XP level 4. HP: 27/41 MP: 4/4
  1610 | D:2      | Reached XP level 5. HP: 31/47 MP: 5/5
  1798 | D:2      | Noticed Jessica
  1801 | D:2      | Killed Jessica
  1954 | D:2      | Reached ** piety under Trog
  2035 | D:2      | Reached XP level 6. HP: 55/55 MP: 6/6
  2636 | D:3      | Reached skill level 5 in Fighting
  2663 | D:3      | Found a faded altar of an unknown god.
  2746 | D:3      | Reached skill level 7 in Axes
  2989 | D:3      | Found a glowing golden altar of the Shining One.
  3121 | D:3      | Found a sparkling altar of Nemelex Xobeh.
  4057 | D:4      | Found a runed translucent gate.
  4058 | D:4      | Found a runed translucent gate.
  4058 | D:4      | Found a runed translucent gate.
  4059 | D:4      | Noticed Buttons840's ghost (amateur MiBe)
  4060 | D:4      | Noticed nicolae's ghost (amateur DsTm)
  4075 | D:4      | Killed Buttons840's ghost
  4076 | D:4      | Reached skill level 8 in Axes
  4076 | D:4      | Reached XP level 7. HP: 61/61 MP: 7/7
  4076 | D:4      | Killed nicolae's ghost
  4212 | D:4      | Found a shadowy altar of Dithmenos.
  4317 | D:4      | Found a bloodstained altar of Trog.
  4427 | D:4      | Found a runed translucent door.
  4428 | D:4      | Noticed Crazy Yiuf
  4435 | D:4      | Killed Crazy Yiuf
  4470 | D:5      | Entered Level 5 of the Dungeon
  4515 | D:5      | Slain by an iguana

Illustrated notes

Levels and vault maps discovered:
D:1:      dpeg_arrival_rhombus, layout_basic
D:2:      layout_basic, kennysheep_generic_room_2, uniq_jessica, uniq_sigmund
D:3:      layout_rooms, mainiacjoe_overflow_alcove_1, tso_altar,
          dreamdust_ecumenical_altar_hidden_monk_grotto
D:4:      nicolae_cairo_tiling_large_dashed, layout_rooms, trog_antimagical,
          mainiacjoe_overflow_surrounded_room, gammafunk_ghost_cemetery,
          uniq_crazy_yiuf_cottage
D:5:      layout_basic, okawaru_ov_weapons_minmay, kennysheep_flooded_box,
          corexii_leaking_fountain, minmay_divided_ellipse, uniq_ijyb,
          uniq_edmund

Skill      XL: |  1  2  3  4  5  6  7 |
---------------+----------------------+-----
Fighting       | 4 5 6 |  6.0
Axes           | 6 8 |  8.7
Dodging        | 2 3 |  3.2
Stealth        | 1 |  1.4
Armour         | |  2.7
Shields        | |  0.4

Action                   |  1- 3 |  4- 6 |  7- 9 || total
-------------------------+-------+-------+-------++-------
Melee: Hand axe          |    66 |   160 |    58 ||   284
       Punch             |     2 |     1 |       ||     3
Invok: Berserk           |     1 |     3 |     1 ||     5
 Stab: Sleeping          |       |     1 |       ||     1
Armor: Animal skin       |    14 |    31 |       ||    45
       Plate armour      |       |     5 |    27 ||    32
Dodge: Dodged            |    44 |    98 |    14 ||   156
Block: Other             |       |       |     7 ||     7

Table legend: (Time is in decaauts)
 A = Elapsed time spent in this place.
 B = Non-inter-level travel time spent in this place.
 C = Inter-level travel time spent in this place.
 D = Time resting spent in this place.
 E = Time spent auto-exploring this place.
 F = Levels seen in this place.
 G = Mean time per level.
                   A        B        C        D        E       F      G
               +--------+--------+--------+--------+--------+-----+--------+
         Total |   4539 |   4472 |     67 |      0 |   3481 |   5 |  907.8 |
       Dungeon |   4539 |   4472 |     67 |      0 |   3481 |   5 |  907.8 |
               +--------+--------+--------+--------+--------+-----+--------+

Top non-repeatable levels by time:
     D:1: 1361 daAuts
     D:2: 1210 daAuts
     D:4: 1101 daAuts
     D:3: 824 daAuts
     D:5: 42 daAuts
